 Dungeon Crawl Stone Soup version 0.25-a0-578-gc91f01c39c (webtiles) character file.

Game seed: 18030759641195339001, levelgen mode: deterministic

135 An17 the Ruffian (level 5, -21/44 HPs)
             Began as a Naga Transmuter on Mar 6, 2020.
             Demolished by an ogre
             ... wielding a +0 giant club
              (31 damage)
             ... on level 2 of the Dungeon.
             The game lasted 00:07:21 (2479 turns).

An17 the Ruffian (Naga Transmuter)                  Turns: 2479, Time: 00:07:21

Health: -21/44     AC:  2    Str: 13    XL:     5   Next: 18%
Magic:  6/9        EV: 19    Int: 13    God:
Gold:   109        SH:  0    Dex: 17    Spells: 3/9 levels left

rFire    . . .     SeeInvis +     - Unarmed
rCold    . . .     Gourm    .   (shield currently unavailable)
rNeg     . . .     Faith    .   (armour currently unavailable)
rPois    x         Spirit   .   (helmet currently unavailable)
rElec    .         Reflect  .   (cloak currently unavailable)
rCorr    .         Harm     .   (gloves currently unavailable)
MR       .....                  (no barding)
Stlth    ++........             (no amulet)
HPRegen  0.14/turn              f - +4 ring of slaying
MPRegen  0.11/turn              (no ring)

@: spider-form
A: tiny, see invisible, slow metabolism 1, spit poison 1, AC +1
a: Spit Poison, End Transformation


You were on level 2 of the Dungeon.
You were not hungry.
You were a venomous arachnid creature.
You visited 1 branch of the dungeon, and saw 3 of its levels.

You collected 109 gold pieces.

Inventory:

Hand Weapons
 l - a +1 vampiric dagger
Missiles
 a - 43 arrows
 h - 12 poisoned darts (quivered)
Armour
 b - a +1 robe (melded)
 e - a +0 cloak (melded)
 i - a +0 ring mail
 j - a +0 chain mail
 k - a +0 ring mail of poison resistance
Jewellery
 f - a +4 ring of slaying (left front leg)
Scrolls
 g - a scroll of fog
Potions
 c - a potion of lignification
Comestibles
 d - 9 rations


   Skills:
 + Level 1.4 Fighting
 + Level 2.0 Dodging
 + Level 4.3 Unarmed Combat
 + Level 2.7 Spellcasting
 + Level 2.8 Transmutations


You had 3 spell levels left.
You knew the following spells:

 Your Spells              Type           Power        Failure   Level  Hunger
a - Beastly Appendage     Tmut           #.....       21%         1    #......
b - Sticks to Snakes      Tmut           #.......     26%         2    ###....
c - Spider Form           Tmut/Pois      #.........   58%         3    ###....

Your spell library contained the following spells:

 Spells                   Type           Power        Failure   Level  Hunger
 Ice Form                 Ice/Tmut       #.......     91%         4    #####..
 Blade Hands              Tmut           #.........   97%         5    ######.


Dungeon Overview and Level Annotations

Branches:
Dungeon (3/15)

Altars:
Qazlal
Uskayaw
Xom

Annotations:
D:3 Terence


Innate Abilities, Weirdness & Mutations

You cannot wear boots.
((Your serpentine skin is tough. (AC +1)))
You have supernaturally acute eyesight. (SInv)
((Armour fits poorly on your strangely shaped body.))
((Your system is resistant to poisons. (rPois)))
((You cover ground very slowly.))
You have a slow metabolism.
You can spit poison.


Message History

Okay, then.
Okay, then.
Okay, then.
The ogre hits you with a +0 giant club!
* * * LOW HITPOINT WARNING * * *
Casting: Beastly Appendage (safe; 8% risk of failure)
Confirm with . or Enter, or press ? or * to list all spells.
You turn into a venomous arachnid creature.
Your +0 cloak melds into your body.
Your +1 robe melds into your body.
You bite the ogre!
The ogre is moderately wounded.
The ogre closely misses you.
You hit the ogre.
The ogre is poisoned.
The ogre is heavily wounded.
The ogre misses you.
You hit the ogre.
The ogre is heavily wounded.
The ogre hits you with a +0 giant club!!
Ouch! That really hurt!
You die...

..............._#
.#...#...#...#..#
..............).######
#################....##
##........## #..........#
#.....>....# # #..........#
###### # #######...sO.....#
#....# # #....##..........#
#....# # #....###........##
##....# #
#....##.....)....###.....#
#######................##...####
..............≈.≈.§.......###
#######.....≈...§§§§....#.# #
#.§..≈#+≈≈#≈≈....##.# #
##.§.§§≈≈§≈≈#≈...###.#


You could see an ogre.

Vanquished Creatures
  4 gnolls (D:3)
  2 adders (D:2)
  2 oozes
  A worm (D:3)
  2 dart slugs (D:1)
  2 leopard geckos (D:3)
  3 bats
  2 giant cockroaches (D:1)
  10 hobgoblins
  11 jackals
  A ball python (D:1)
  4 frilled lizards
  5 goblins
  2 kobolds
  9 rats
60 creatures vanquished.

Notes
Turn   | Place    | Note
-------+----------+-------------------------------------------
     0 | D:1      | An17 the Naga Transmuter began the quest for the Orb.
     0 | D:1      | Reached XP level 1. HP: 18/18 MP: 3/3
   346 | D:1      | Reached XP level 2. HP: 14/25 MP: 3/5
   357 | D:1      | HP: 1/25 [hobgoblin/+0 club (2)]
   364 | D:1      | Learned a level 2 spell: Sticks to Snakes
  1189 | D:1      | Reached XP level 3. HP: 24/31 MP: 4/6
  1557 | D:2      | Learned a level 3 spell: Spider Form
  1574 | D:2      | Noticed a +0 hand axe
  1575 | D:2      | Noticed a +0 hand axe
  1583 | D:2      | Found a hide-covered altar of Uskayaw.
  1610 | D:2      | Reached XP level 4. HP: 38/38 MP: 5/7
  1616 | D:2      | Found a stormy altar of Qazlal.
  1660 | D:2      | Reached skill level 4 in Unarmed Combat
  1795 | D:2      | Found a shimmering altar of Xom.
  2342 | D:3      | Reached XP level 5. HP: 28/44 MP: 5/9
  2440 | D:3      | Noticed an ogre
  2441 | D:3      | Noticed Terence
  2479 | D:2      | Demolished by an ogre

Levels and vault maps discovered:
D:1:      saegor_arrival_miasma, layout_loops_ring, minmay_misc_feat_iff,
          minmay_unequal
D:2:      layout_rooms, nicolae_qazlal_general_emergency,
          lemuel_coloured_pillars_altar, dancing_weapons_uskayaw
D:3:      layout_rooms, first_ration, uniq_natasha, uniq_terence

Skill      XL: |  1  2  3  4 |
---------------+-------------+-----
Unarmed Combat | 4 |  4.3
Dodging        | 2 |  2.0
Fighting       | |  1.4
Spellcasting   | |  2.7
Transmutations | |  2.8

Action                   |  1- 3 |  4- 6 || total
-------------------------+-------+-------++-------
Melee: Unarmed           |   136 |    55 ||   191
       Headbutt          |     9 |     2 ||    11
       Punch             |     3 |     2 ||     5
 Cast: Beastly Appendage |    18 |     6 ||    24
       Spider Form       |       |     2 ||     2
  Use: Scroll            |     5 |     4 ||     9
       Potion            |     1 |       ||     1
 Stab: Sleeping          |       |     1 ||     1
  Eat: Ration            |     1 |     1 ||     2
Armor: Robe              |    20 |    13 ||    33
Dodge: Dodged            |    68 |    44 ||   112

Table legend:
 A = Non-vault XP
 B = Vault XP
 C = Vault XP percentage of total XP
 D = Non-vault monster count
 E = Vault monster count
 F = Vault count percentage of total count
                 A         B        C        D         E       F
            +---------+---------+-------+---------+---------+-------
      Total |     181 |      13 |   6.7 |      57 |       3 |   5.0
            +---------+---------+-------+---------+---------+-------
        D:1 |      48 |      13 |  21.3 |      28 |       3 |   9.7
        D:2 |      42 |       0 |   0.0 |       9 |       0 |   0.0
        D:3 |      91 |       0 |   0.0 |      20 |       0 |   0.0
            +---------+---------+-------+---------+---------+-------
